 Dungeon Crawl Stone Soup version 0.28-a0-998-gb9e9c7b67e (webtiles) character file.

Game seed: 7218253687103786448

564 sneedmaster the Cudgeller (level 7, -9/54 HPs)
             Began as a Demonspawn Berserker on Dec 5, 2021.
             Was a Believer of Trog.
             Succumbed to poison (poison gas)
             ... on level 4 of the Dungeon.
             The game lasted 00:37:43 (3958 turns).

sneedmaster the Cudgeller (Demonspawn Berserker)    Turns: 3958, Time: 00:37:43

Health: -9/54      AC: 13    Str: 19    XL:     7   Next: 10%
Magic:  7/7        EV:  6    Int:  9    God:    Trog [**....]
Gold:   142        SH:  0    Dex: 14    Spells: 6/6 levels left

rFire   . . .      SeeInvis .   i - +0 dire flail
rCold   . . .      Faith    .   (shield currently unavailable)
rNeg    . . .      Spirit   .   m - +0 plate armour
rPois   .          Reflect  .   (helmet restricted)
rElec   .          Harm     .   d - +1 cloak
rCorr   .          Rampage  .   (no gloves)
Will    .....                   (no boots)
Stlth   ..........              (no amulet)
HPRegen 0.18/turn               (no ring)
MPRegen 0.10/turn               (no ring)

@: lethally poisoned (-9 -> -52), on berserk cooldown, attractive, slowed, very
slow
A: horns 1, thin skeletal structure 1, powered by pain 2
a: Renounce Religion, Berserk, Trog's Hand


You were on level 4 of the Dungeon.
You worshipped Trog.
Trog was pleased with you.
You visited 1 branch of the dungeon, and saw 4 of its levels.

You collected 142 gold pieces.

Inventory:

Hand Weapons
 a - a +0 mace
 g - a +1 mace of protection
 h - a +1 dagger of flaming
 i - a +0 dire flail (weapon)
 k - a +2 short sword of protection
 q - a +4 quarterstaff of chaos
Armour
 c - a +0 helmet
 d - a +1 cloak (worn)
 m - a +0 plate armour (worn)
Wands
 n - a wand of flame (3)
Scrolls
 e - a scroll of teleportation {unknown}
 j - a scroll of blinking
 l - a scroll of vulnerability
 o - a scroll of enchant weapon {unknown}
 p - a scroll of holy word {unknown}
Potions
 b - a potion of brilliance
 f - a potion of attraction
 r - a potion of resistance


   Skills:
 + Level 4.2 Fighting
 + Level 5.9 Maces & Flails
 + Level 3.3 Armour
 + Level 2.3 Dodging
 + Level 0.6 Evocations


You had 6 spell levels left.
You didn't know any spells.
Your spell library contained the following spells:

 Spells                   Type           Power      Damage    Failure   Level
 Sting                    Tmut/Pois      0%         1d3       100%        1
 Poisonous Vapours        Pois/Air       0%         N/A       100%        2
 Frozen Ramparts          Ice            0%         1d2       100%        3
 Ice Form                 Ice/Tmut       0%         N/A       100%        4
 Olgreb's Toxic Radiance  Pois           0%         N/A       100%        4
 Summon Ice Beast         Ice/Summ       0%         N/A       100%        4


Dungeon Overview and Level Annotations

Branches:
Dungeon (4/15)
 Temple: D:4-7

Altars:
Zin
The Shining One

Shops:
D:3 (

Annotations:
D:4 1 transporter


Innate Abilities, Weirdness & Mutations

You have a pair of small horns on your head.
You have a somewhat thin skeletal structure. (Dex +2, Stealth+)
You sometimes gain power by taking damage.


Message History

You feel very sick.
You feel sick.
You are too berserk!
You feel a strong urge to attack something.
You feel sick.
You feel sick.
There is a transporter landing site here.
You can't go up here!
You can't go down here!
You feel your anger nearly subside.
You are no longer berserk.
You are exhausted.
You feel yourself slow down.
You feel sick.
You feel very sick.
You feel sick.
Really walk into that cloud of poison gas? [Y]es or [N]o only, please.
Really walk into that cloud of poison gas?
Okay, then.
Blink to where?
Press: ? - help, Dir - move target, f - you
Okay, then.
It was a potion of attraction.
You feel attractive to monsters.
You feel sick.
Really walk into a travel-excluded area?
You are engulfed in poison gas.
You are more poisoned.
You feel very sick.
There is an open gate here.
You see here a +0 giant club of venom.
Found an escape hatch in the floor.
You are engulfed in poison gas.
You are lethally poisoned!
* * * LOW HITPOINT WARNING * * *
You feel extremely sick.
Blink to where?
Press: ? - help, Dir - move target, f - you
Okay, then.
You are engulfed in poison gas.
You are more poisoned.
* * * LOW HITPOINT WARNING * * *
You die...

.....### ##...
..#....##.....
.###........# .#
##....##. ..# #....#
#######
....##.########°☼○○○# .S
..#.##.#.○☼°..#○○☼○○#...
.##....#.°°°○°#°°☼°☼#...
.#.<...#○.#.#.○○@.$[#...
......©#°°©...°○○.!©#©..
....#..#○○#.#.☼☼○.$$#...
.......#..○☼○°#○☼☼○○#.>.
....####○°○○°°#○○☼○○#...
.... ########○°°○○# ..
........ ####### .
#......# #.......


You could see a ball python (asleep).

Vanquished Creatures
  Sigmund (D:3)
  A scorpion (D:4)
  A howler monkey (D:3)
  Crazy Yiuf (D:3)
  Natasha (thrice) (D:3)
  Terence (D:3)
  2 ogre zombies (D:4)
  6 adders
  6 orcs (D:3)
  5 endoplasms
  9 giant cockroaches
  9 goblins
  3 hobgoblins
  5 jackals (D:1)
  8 kobolds
  4 quokkas
  6 ball pythons
  5 bats
  4 frilled lizards (D:1)
  6 rats
86 creatures vanquished.

Notes
Turn   | Place    | Note
-------+----------+-------------------------------------------
     0 | D:1      | sneedmaster the Demonspawn Berserker began the quest for
                  | the Orb.
     0 | D:1      | Reached XP level 1. HP: 18/18 MP: 1/1
   108 | D:1      | Gained mutation: You sometimes gain a little power by
                  | taking damage. [demonic ancestry]
   108 | D:1      | Reached XP level 2. HP: 16/24 MP: 2/2
   136 | D:1      | Reached skill level 3 in Maces & Flails
   573 | D:1      | Reached XP level 3. HP: 28/29 MP: 3/3
  1293 | D:2      | Found a faded altar of an unknown god.
  1880 | D:2      | Gained mutation: You sometimes gain power by taking damage.
                  | [demonic ancestry]
  1880 | D:2      | Reached XP level 4. HP: 33/35 MP: 4/4
  2020 | D:2      | Reached ** piety under Trog
  2097 | D:3      | Noticed Sigmund
  2188 | D:3      | Found Ubim's Antique Weapon Emporium.
  2195 | D:3      | Noticed Natasha
  2675 | D:3      | Noticed Terence
  2700 | D:3      | Killed Terence
  2701 | D:3      | Reached skill level 4 in Maces & Flails
  2770 | D:3      | Gained mutation: You have a pair of small horns on your
                  | head. [demonic ancestry]
  2770 | D:3      | Reached XP level 5. HP: 42/42 MP: 5/5
  2860 | D:3      | Found a runed translucent door.
  2924 | D:3      | Killed Natasha
  2976 | D:3      | Noticed Natasha
  2981 | D:3      | Killed Natasha
  3074 | D:3      | Noticed Natasha
  3091 | D:3      | Killed Natasha
  3198 | D:3      | Killed Sigmund
  3199 | D:3      | Reached skill level 5 in Maces & Flails
  3199 | D:3      | Gained mutation: You have a somewhat thin skeletal
                  | structure. (Dex +2, Stealth+) [demonic ancestry]
  3199 | D:3      | Reached XP level 6. HP: 30/48 MP: 6/6
  3472 | D:3      | Noticed Crazy Yiuf
  3497 | D:3      | Killed Crazy Yiuf
  3848 | D:4      | Reached XP level 7. HP: 54/54 MP: 7/7
  3924 | D:4      | Found a transporter.
  3940 | D:4      | Found a transporter.
  3958 | D:4      | Succumbed to poison (poison gas)

Illustrated notes

Levels and vault maps discovered:
D:1:      matt_arrival_grand_opening, layout_loops_ring, hex_medium
D:2:      layout_basic, ebering_ecumenical_altar_mist
D:3:      layout_basic, serial_shops, nicolae_shop_behind_doors,
          minmay_fractal_squares_5, uniq_sigmund, uniq_terence, uniq_natasha,
          uniq_crazy_yiuf_cottage
D:4:      gammafunk_cloud_chamber, layout_cave_pools,
          amethyst_overflow_temple_binary

Skill      XL: |  1  2  3  4  5  6 |
---------------+-------------------+-----
Maces & Flails | 3 4 5 |  5.9
Dodging        | 2 |  2.3
Armour         | 2 3 |  3.3
Fighting       | 4 |  4.2
Evocations     | |  0.6

Action                   |  1- 3 |  4- 6 |  7- 9 || total
-------------------------+-------+-------+-------++-------
Melee: Mace              |   104 |       |       ||   104
       Dire flail        |    26 |   133 |    16 ||   175
       Headbutt          |       |     6 |     4 ||    10
Invok: Berserk           |     8 |     8 |     1 ||    17
       Trog's Hand       |       |     1 |       ||     1
Evoke: Wand              |       |     3 |       ||     3
  Use: Scroll            |     4 |     1 |       ||     5
       Potion            |       |     2 |     1 ||     3
 Stab: Sleeping          |     1 |       |       ||     1
Armor: Animal skin       |    11 |       |       ||    11
       Ring mail         |    32 |       |       ||    32
       Plate armour      |    10 |   102 |     5 ||   117
Dodge: Dodged            |   104 |    43 |     2 ||   149

Table legend: (Time is in decaauts)
 A = Elapsed time spent in this place.
 B = Non-inter-level travel time spent in this place.
 C = Inter-level travel time spent in this place.
 D = Time resting spent in this place.
 E = Time spent auto-exploring this place.
 F = Levels seen in this place.
 G = Mean time per level.
                   A        B        C        D        E       F      G
               +--------+--------+--------+--------+--------+-----+--------+
         Total |   4175 |   4166 |      9 |      0 |    835 |   4 | 1043.8 |
       Dungeon |   4175 |   4166 |      9 |      0 |    835 |   4 | 1043.8 |
               +--------+--------+--------+--------+--------+-----+--------+

Top non-repeatable levels by time:
     D:3: 1530 daAuts
     D:2: 1225 daAuts
     D:1: 1221 daAuts
     D:4: 198 daAuts
